 Dungeon Crawl Stone Soup version 0.30-a0-1016-gfb0d676c02 (webtiles) character file.

Game seed: 11598944952699390161

7104 promet the Protected (level 10, -5/89 HPs)
             Began as a Hill Orc Fighter on Apr 6, 2023.
             Was a Priest of Ru.
             Killed by an exploding ice devil (17 damage)
             ... ignited by their inner flame
             ... on level 9 of the Dungeon.
             The game lasted 01:08:24 (13274 turns).

promet the Protected (Hill Orc Fighter)            Turns: 13274, Time: 01:08:25

Health: -5/89      AC: 14    Str: 20    XL:     10   Next: 10%
Magic:  10/10      EV: 10    Int: 11    God:    Ru [***...]
Gold:   156        SH:  5    Dex: 18    Spells: 9/9 levels left

rFire   . . .      SeeInvis +    a - +1 flail (heavy)
rCold   . . .      Faith    .    (no shield)
rNeg    + . .      Spirit   .    z - +0 chain mail
rPois   .          Reflect  +    B - +0 helmet
rElec   .          Rampage  .    (no cloak)
rCorr   .                        (no gloves)
Will    +....                    j - +0 pair of boots Stlth
                                 G - amulet of reflection
HPRegen 0.34/turn                m - ring "Coir" {rN+ Will++ Str-2 Int+3 SInv}
MPRegen 0.12/turn                C - +6 ring of dexterity

@: silenced
A: weak-willed 1, inexperienced 1
a: Renounce Religion


You were on level 9 of the Dungeon.
You worshipped Ru.
Ru was most pleased with you.
You visited 1 branch of the dungeon, and saw 9 of its levels.

You collected 316 gold pieces.
You spent 160 gold pieces at shops.

Inventory:

Hand Weapons
 a - a +1 heavy flail (weapon)
 b - a +0 arbalest of freezing
 d - a +1 war axe
 o - a +2 vampiric dagger
 q - a +0 rapier of protection
 t - a +2 hand axe of electrocution
 J - a +1 scythe
Missiles
 f - 5 boomerangs
 g - 2 javelins (quivered)
 l - 60 stones
 x - 9 poisoned darts
Armour
 c - a +0 buckler
 j - a +0 pair of boots (worn)
 p - a +0 scale mail
 w - a +1 ring mail of cold resistance
 z - a +0 chain mail (worn)
 B - a +0 helmet (worn)
Jewellery
 i - a ring of fire
 m - the ring "Coir" (left hand) {rN+ Will++ Str-2 Int+3 SInv}
   (You found it on level 2 of the Dungeon)

   [ring of positive energy]

   Str:       It affects your strength (-2).
   Int:       It affects your intelligence (+3).
   rN:        It protects you from negative energy.
   SInv:      It lets you see invisible.
   Will:      It greatly increases your willpower.
 u - a ring of wizardry
 C - a +6 ring of dexterity (right hand)
 F - a ring of protection from fire
 G - an amulet of reflection (around neck)
Wands
 h - a wand of acid (7)
 r - a wand of polymorph (5)
 y - a wand of iceblast (7)
Scrolls
 s - a scroll of amnesia
 A - a scroll of magic mapping
 D - a scroll of noise
 K - a scroll of silence
Potions
 e - a potion of curing
 k - 2 potions of mutation
 n - 3 potions of attraction
 v - 2 potions of lignification
 E - a potion of brilliance {unknown}
 H - a potion of flight


   Skills:
 + Level 8.3 Fighting
 + Level 6.1(9.8) Axes
 + Level 6.2(7.1) Maces & Flails
 + Level 7.6(8.3) Polearms
 + Level 5.0 Ranged Weapons
 + Level 1.2 Throwing
 + Level 9.3 Armour
 + Level 3.0 Dodging
 + Level 2.6 Stealth
 + Level 5.5 Shields


You had 9 spell levels left.
You didn't know any spells.
Your spell library contained the following spells:

 Spells                   Type           Power      Damage    Failure   Level
 Ensorcelled Hibernation  Hex/Ice        0%         N/A       97%         2
 Passwall                 Tmut/Erth      0%         N/A       97%         2
 Portal Projectile        Hex/Tloc       0%         N/A       99%         3
 Swiftness                Air            0%         N/A       99%         3
 Tukima's Dance           Hex            0%         N/A       99%         3
 Anguish                  Hex/Necr       0%         N/A       100%        4
 Blade Hands              Tmut           0%         N/A       100%        5
 Enfeeble                 Hex            0%         N/A       100%        7


Dungeon Overview and Level Annotations

Branches:
Dungeon (9/15)             Temple (0/1) D:6
   Lair: D:8-11         Orc: D:9-12

Altars:
Fedhas
Ru
Sif Muna
Trog
Vehumet

Shops:
D:6 *   D:7 (


Innate Abilities, Weirdness & Mutations

You are slightly weak-willed. (Will-)
You are somewhat inexperienced. (-1 XL)


Message History

A bullfrog comes into view.
The gnoll closely misses you.
As you read the scroll labelled JIEKEUTWAC, it crumbles to dust.
A profound silence engulfs you.
It was a scroll of silence.
The gnoll hits you from afar with a +0 halberd.
* * * LOW HITPOINT WARNING * * *
Aiming: Corrosive Bolt
Press: ? - help, Shift-Dir - straight line, f - ice devil
Aim: an ice devil (silenced, inner flame, 71% to hit)
The bolt of acid hits the ice devil.
The acid corrodes the ice devil!
Flame seeps out of the ice devil.
The ice devil is lightly wounded.
The bolt of acid misses the gnoll.
The gnoll hits you from afar with a +0 heavy halberd.
* * * LOW HITPOINT WARNING * * *
An orc priest comes into view. It is wielding a +0 dagger.
The gnoll hits you but does no damage.
Aiming: Iceblast
Press: ? - help, Shift-Dir - straight line, f - wyvern, p - ice devil
Aim: a wyvern (silenced, inner flame)
Okay, then.
The ice devil is engulfed in blazing flames.
Flame seeps out of the ice devil.
You closely miss the ice devil.
The ice devil is heavily wounded.
The ice devil hits you but does no damage.
You block the ice devil's attack.
You feel better. The ice devil hits you!
* * * LOW HITPOINT WARNING * * *
The ice devil freezes you!
* * * LOW HITPOINT WARNING * * *
You focus your inner power and illuminate the ice devil in retribution!
You sock the ice devil!
Flame seeps out of the ice devil.
The ice devil is severely wounded.
The gnoll hits you from afar with a +0 halberd.
* * * LOW HITPOINT WARNING * * *
The ice devil is engulfed in blazing flames.
The ice devil explodes!
The fiery explosion engulfs you!
You die...

# ## +. ... .
..?.♣. #....♣##
#♣♣...####
#...P.@○Y#
########g##
#.......F#
#######>..<.oY.#
......+......l.#
.######......o.#
#........#
#........'
#........#


You could see a yak (inner flame), a bullfrog and a gnoll (inner flame).

Vanquished Creatures
  A two-headed ogre (D:7)
  Pikel (D:7)
  A komodo dragon (D:8)
  A kobold demonologist (D:7)
  An ice devil (D:9)
  A troll (D:8)
  Sigmund (D:2)
  A ynoxinul (D:9)
  9 yaks
  2 water moccasins (D:7)
  Duvessa (D:4)
  5 black bears
  2 orc warriors
  5 ice beasts
  An ogre (D:6)
  2 sky beasts
  A centaur (D:8)
  A lemure (D:6)
  2 phantoms (D:7)
  A kobold brigand (D:7)
  Blork the orc (D:6)
  4 bullfrogs
  3 scorpions
  Dowan (D:4)
  A howler monkey (D:7)
  A quasit (D:8)
  7 hounds
  6 orc priests
  A jelly (D:7)
  2 gnoll boudas
  An iguana (D:5)
  Terence (D:3)
  3 sleepcaps (D:7)
  6 orc wizards
  11 gnolls
  8 adders
  A shadow imp (D:7)
  3 white imps (D:7)
  4 worms
  3 dart slugs
  35 orcs
  7 ball pythons
  3 bats
  9 endoplasms
  7 giant cockroaches
  5 hobgoblins
  10 jackals
  5 quokkas
  A frilled lizard (D:1)
  4 goblins
  7 kobolds
  7 rats
208 creatures vanquished.

Vanquished Creatures (others)
  A centaur (D:7)
  A plant (D:6)
2 creatures vanquished.

Grand Total: 210 creatures vanquished

Notes
Turn   | Place    | Note
-------+----------+-------------------------------------------
     0 | D:1      | promet the Hill Orc Fighter began the quest for the Orb.
     0 | D:1      | Reached XP level 1. HP: 19/19 MP: 1/1
    76 | D:1      | Reached XP level 2. HP: 22/27 MP: 2/2
   479 | D:1      | Reached XP level 3. HP: 32/33 MP: 3/3
  1166 | D:2      | Reached XP level 4. HP: 39/40 MP: 4/4
  1339 | D:2      | Reached XP level 5. HP: 45/47 MP: 5/5
  1412 | D:2      | Identified the ring "Coir" {rN+ Will++ Str-2 Int+3 SInv}
  1432 | D:2      | Noticed an eye of devastation
  1433 | D:2      | Found a faded altar of an unknown god.
  1433 | D:2      | Noticed Sigmund
  1438 | D:2      | Noticed a shining eye
  1445 | D:2      | Killed Sigmund
  1446 | D:2      | Reached skill level 5 in Axes
  1446 | D:2      | Reached skill level 4 in Armour
  1446 | D:2      | Reached skill level 1 in Stealth
  1446 | D:2      | Reached XP level 6. HP: 50/55 MP: 6/6
  1465 | D:2      | Noticed a great orb of eyes
  1501 | D:2      | Noticed a floating eye
  1862 | D:3      | Reached skill level 5 in Fighting
  2138 | D:3      | Noticed Terence
  2142 | D:3      | Killed Terence
  2771 | D:4      | Reached skill level 1 in Polearms
  2771 | D:4      | Reached XP level 7. HP: 58/61 MP: 7/7
  2893 | D:4      | Reached skill level 1 in Dodging
  3476 | D:4      | Found a shimmering blue altar of Sif Muna.
  3665 | D:4      | Noticed Duvessa
  3755 | D:4      | Killed Duvessa
  3761 | D:4      | Noticed Dowan
  3846 | D:4      | Killed Dowan
  4118 | D:4      | Found a sacrificial altar of Ru.
  4128 | D:4      | Became a worshipper of Ru the Awakened
  4231 | D:4      | Reached skill level 5 in Armour
  4231 | D:4      | Reached XP level 8. HP: 66/70 MP: 8/8
  4444 | D:5      | Entered Level 5 of the Dungeon
  4619 | D:5      | Reached skill level 5 in Polearms
  4619 | D:5      | Reached skill level 1 in Ranged Weapons
  4640 | D:5      | Noticed a moth of wrath
  4643 | D:5      | Found a bloodstained altar of Trog.
  6226 | D:6      | Gained mutation: You are slightly weak-willed. (Will-) [Ru
                  | sacrifice]
  6226 | D:6      | Reached * piety under Ru
  6227 | D:6      | Noticed Blork the orc
  6239 | D:6      | Killed Blork the orc
  6240 | D:6      | Reached skill level 6 in Armour
  6318 | D:6      | Found Sejum's Assorted Antiques.
  6342 | D:6      | Bought a steel ring for 160 gold pieces
  6872 | D:6      | Found a staircase to the Ecumenical Temple.
  7150 | D:6      | Reached skill level 1 in Throwing
  7412 | D:6      | Reached XP level 9. HP: 75/75 MP: 9/9
  7785 | D:7      | Noticed Pikel
  8054 | D:7      | Found Leonuec's Antique Weapon Emporium.
  8610 | D:7      | Killed Pikel
  8611 | D:7      | Reached skill level 1 in Maces & Flails
  8611 | D:7      | Reached skill level 7 in Armour
  9016 | D:7      | Found a radiant altar of Vehumet.
  9445 | D:7      | Noticed a kobold demonologist
  9449 | D:7      | Noticed a two-headed ogre
 10157 | D:7      | Reached XP level 10. HP: 86/86 MP: 10/10
 10371 | D:7      | Reached skill level 8 in Armour
 10436 | D:7      | Killed a kobold demonologist
 10788 | D:7      | Killed a two-headed ogre
 10789 | D:7      | Reached skill level 5 in Shields
 11288 | D:8      | Found a blossoming altar of Fedhas.
 11449 | D:8      | Reached skill level 5 in Maces & Flails
 11538 | D:8      | Gained mutation: You are somewhat inexperienced. (-1 XL)
                  | [Ru sacrifice]
 11538 | D:8      | Reached XP level 9. HP: 81/81 MP: 9/9
 11538 | D:8      | Reached ** piety under Ru
 11538 | D:8      | Reached *** piety under Ru
 11751 | D:8      | Reached skill level 9 in Armour
 13156 | D:9      | Noticed a rust devil
 13214 | D:9      | Reached XP level 10. HP: 88/88 MP: 10/10
 13267 | D:9      | Reached skill level 5 in Ranged Weapons
 13274 | D:9      | Killed by an exploding ice devil... ignited by their inner
                  | flame

Illustrated notes

Levels and vault maps discovered:
D:1:      minmay_arrival_three_doors, layout_rooms, minmay_strange_pillars,
          corexii_hall_statues_deadend
D:2:      layout_basic, hellmonk_ecumenical_altar_watching_god, chequers_garden,
          uniq_sigmund
D:3:      layout_loops_ring, uniq_terence
D:4:      layout_loops_ring, nicolae_ru_path_of_blood, kennysheep_little_box,
          uniq_duvessa
D:5:      layout_basic, tgw_trog
D:6:      layout_layer_cave, minmay_temple_entry_poolview, serial_shops,
          nicolae_shop_overgrown_old_shop, uniq_blork_the_orc
D:7:      nzn_winding_woodlands_cross [nzn_winding_woodlands_5x15_pool,
          nzn_winding_woodlands_5x15_sawtooth, nzn_winding_woodlands_5x15_twine,
          nzn_winding_woodlands_5x15_pockets,
          nzn_winding_woodlands_15x15_killbox], layout_loops_ring,
          mainiacjoe_overflow_24_doors, serial_shops, nicolae_shop_behind_doors,
          uniq_pikel
D:8:      layout_cave_pods, lemuel_crystal_altar
D:9:      layout_roguey, mainiacjoe_overflow_concentric_impassable, orc_0_dummy,
          gammafunk_ghost_icy, serial_demonic, serial_demonic_e,
          serial_demonic_f, serial_demonic_b, serial_demonic_e,
          serial_demonic_c, serial_demonic_c, serial_demonic_g

Skill      XL: |  1  2  3  4  5  6  7  8  9 10 |
---------------+-------------------------------+-----
Fighting       | 4 5 6 8 |  8.3
Axes           | 3 4 5 6 |  6.1
Armour         | 4 5 6 9 8 |  9.3
Stealth        | 1 2 |  2.6
Shields        | 4 5 |  5.5
Polearms       | 1 4 6 7 |  7.6
Dodging        | 1 2 3 |  3.0
Ranged Weapons | 2 3 5 |  5.0
Throwing       | 1 |  1.2
Maces & Flails | 2 6 |  6.2

Action                     |  1- 3 |  4- 6 |  7- 9 | 10-12 || total
---------------------------+-------+-------+-------+-------++-------
  Melee: War axe           |    90 |    27 |       |       ||   117
         Halberd           |       |    74 |   243 |       ||   317
         Dagger            |       |       |     3 |       ||     3
         Flail             |       |       |    97 |   102 ||   199
         Punch             |       |       |     2 |     4 ||     6
   Fire: Arbalest          |       |     1 |    89 |    29 ||   119
  Throw: Boomerang         |     5 |     7 |     6 |       ||    18
         Javelin           |       |       |    10 |       ||    10
         Dart              |       |       |     4 |       ||     4
 Invoke: Sacrifice Essence |       |       |     1 |       ||     1
         Sacrifice Experie |       |       |     1 |       ||     1
  Evoke: Wand              |       |       |       |     1 ||     1
    Use: Scroll            |     5 |     4 |    11 |     4 ||    24
         Potion            |     1 |     1 |     4 |     5 ||    11
   Stab: Invisible         |       |     2 |       |       ||     2
         Distracted        |       |       |     1 |     1 ||     2
 Armour: Scale mail        |    39 |    41 |    28 |       ||   108
         Ring mail         |       |       |    23 |       ||    23
         Chain mail        |       |       |   181 |    65 ||   246
  Dodge: Dodged            |    48 |    41 |   172 |    63 ||   324
  Block: Buckler           |    28 |     2 |       |       ||    30
         Other             |       |       |    47 |    32 ||    79

Table legend: (Time is in decaauts)
 A = Elapsed time spent in this place.
 B = Non-inter-level travel time spent in this place.
 C = Inter-level travel time spent in this place.
 D = Time resting spent in this place.
 E = Time spent auto-exploring this place.
 F = Levels seen in this place.
 G = Mean time per level.
                   A        B        C        D        E       F      G
               +--------+--------+--------+--------+--------+-----+--------+
         Total |  13568 |  13056 |    512 |   4666 |   3038 |   9 | 1507.6 |
       Dungeon |  13568 |  13056 |    512 |   4666 |   3038 |   9 | 1507.6 |
               +--------+--------+--------+--------+--------+-----+--------+

Top non-repeatable levels by time:
     D:7: 3301 daAuts
     D:6: 2349 daAuts
     D:4: 1715 daAuts
     D:8: 1685 daAuts
     D:5: 1569 daAuts
     D:2: 1139 daAuts
     D:1: 959 daAuts
     D:3: 733 daAuts
     D:9: 113 daAuts
